 Dungeon Crawl Stone Soup version 0.28-a0-823-gb444dcf96d (webtiles) character file.

Game seed: 9533014818570017186

74958 porpoise the Eclecticist (level 15, -5/82 (88) HPs)
             Began as a Deep Elf Conjurer on Nov 9, 2021.
             Was a High Priest of Vehumet.
             Killed from afar by an orc sorcerer (45 damage)
             ... with a bolt of negative energy
             ... on level 15 of the Dungeon on Nov 10, 2021.
             The game lasted 02:53:45 (37694 turns).

porpoise the Eclecticist (Deep Elf Conjurer)       Turns: 37694, Time: 02:53:46

HP:   -5/82 (88)    AC: 12    Str:  7    XL:     15   Next: 8%
MP:   33/46         EV: 16    Int: 27    God:    Vehumet [*****.]
Gold: 950           SH:  7    Dex: 13    Spells: 13/46 levels left

rFire   + . .      SeeInvis .   a - staff of fire
rCold   . . .      Faith    .   O - +2 buckler {reflect}
rNeg    . . .      Spirit   .   d - +1 robe {Will+}
rPois   .          Reflect  +   K - +1 hat
rElec   .          Harm     .   H - +0 cloak
rCorr   .          Rampage  .   D - +2 pair of gloves
Will    ++...                   (no boots)
Stlth   +++.......              (no amulet)
HPRegen 0.23/turn               g - +4 ring of protection
MPRegen 0.30/turn               M - ring of magical power

@: studying Fighting, drained
A: no striking features
a: Renounce Religion


You were on level 15 of the Dungeon.
You worshipped Vehumet.
Vehumet was extremely pleased with you.
You visited 3 branches of the dungeon, and saw 21 of its levels.
You also visited: Sewer, Ossuary and Gauntlet.

You collected 1396 gold pieces.
You spent 446 gold pieces at shops.

Inventory:

Hand Weapons
 b - a +1 hunting sling of freezing
Missiles
 y - 2 curare-tipped darts
 A - 65 sling bullets
Armour
 d - a +1 robe of willpower (worn)
 D - a +2 pair of gloves (worn)
 H - a +0 cloak (worn)
 K - a +1 hat (worn)
 O - a +2 buckler of reflection (worn)
Magical Staves
 a - a staff of fire (weapon)
 w - a staff of earth
Jewellery
 g - a +4 ring of protection (left hand)
 o - a ring of see invisible
 q - a ring of poison resistance
 M - a ring of magical power (right hand)
 W - a ring of protection from cold
Wands
 l - a wand of paralysis (8)
 B - a wand of flame (65)
 Q - a wand of charming (18) (quivered)
 R - a wand of digging (12)
Scrolls
 c - a scroll of enchant armour
 j - 4 scrolls of identify
 m - 2 scrolls of vulnerability
 p - 4 scrolls of blinking
 r - 2 scrolls of silence
 s - 8 scrolls of teleportation
 C - 3 scrolls of fog
 G - 6 scrolls of magic mapping
 N - 8 scrolls of fear
Potions
 e - 6 potions of attraction
 f - 3 potions of magic
 h - 3 potions of resistance
 i - 8 potions of heal wounds
 k - 2 potions of ambrosia
 n - 10 potions of lignification
 v - 3 potions of cancellation
 x - 4 potions of haste
 z - 18 potions of curing
 P - a potion of invisibility


   Skills:
 + Level 8.3 Fighting
 - Level 9.0 Dodging
 - Level 7.0 Stealth
 - Level 7.0 Shields
 - Level 16.0 Spellcasting
 + Level 9.0 Conjurations
 - Level 12.0 Hexes
 - Level 9.0 Translocations
 - Level 12.0 Fire Magic
 - Level 3.0 Earth Magic
 - Level 9.0 Evocations


You had 13 spell levels left.
You knew the following spells:

 Your Spells              Type           Power      Damage    Failure   Level
a - Magic Dart            Conj           100%       1d8       1%          1
b - Searing Ray           Conj           100%       2d8       1%          2
c - Fulminant Prism       Conj/Hex       34%        3d16      1%          4
d - Iskenderun's Mystic   Conj/Tloc      63%        2d13      1%          4
f - Fireball              Conj/Fire      43%        3d17      1%          5
k - Blink                 Tloc           100%       N/A       1%          2
l - Lee's Rapid Deconstr  Erth           18%        3d12*     5%          5
o - Orb of Destruction    Conj           31%        9d12      13%         7
s - Stone Arrow           Conj/Erth      100%       3d13      1%          3

Your spell library contained the following spells:

 Spells                   Type           Power      Damage    Failure   Level
 Hailstorm                Conj/Ice       46%        3d11      1%          4
 Slow                     Hex            100%       N/A       0%          1
 Apportation              Tloc           100%       N/A       1%          1
 Sandblast                Erth           74%        2d16      1%          1
 Passwall                 Tmut/Erth      24%        N/A       1%          2
 Poisonous Vapours        Pois/Air       42%        N/A       1%          2
 Confusing Touch          Hex            72%        N/A       1%          3
 Dazzling Flash           Conj/Hex       100%       N/A       1%          3
 Frozen Ramparts          Ice            42%        1d6       1%          3
 Mephitic Cloud           Conj/Pois/Air  37%        N/A       1%          3
 Iskenderun's Battlesphe  Conj           63%        2d11      1%          5
 Manifold Assault         Tloc           63%        N/A       1%          5
 Starburst                Conj/Fire      43%        6d12      1%          6
 Animate Skeleton         Necr           42%        N/A       2%          1
 Beastly Appendage        Tmut           42%        N/A       2%          1
 Summon Small Mammal      Summ           84%        N/A       2%          1
 Invisibility             Hex            36%        N/A       2%          6
 Call Imp                 Summ           21%        N/A       3%          2
 Wereblood                Tmut           21%        N/A       3%          2
 Metabolic Englaciation   Hex/Ice        26%        N/A       5%          5
 Ozocubu's Armour         Ice            21%        N/A       7%          3
 Spider Form              Tmut/Pois      21%        N/A       7%          3
 Swiftness                Air            21%        N/A       7%          3
 Vampiric Draining        Necr           21%        2d7       7%          3
 Petrify                  Tmut/Erth      29%        N/A       12%         4
 Conjure Ball Lightning   Conj/Air       23%        3x3d6     16%         6
 Ice Form                 Ice/Tmut       21%        N/A       22%         4
 Summon Ice Beast         Ice/Summ       21%        N/A       22%         4
 Alistair's Intoxication  Tmut/Pois      14%        N/A       54%         5
 Discord                  Hex            36%        N/A       73%         8
 Statue Form              Tmut/Erth      19%        N/A       88%         6
 Disjunction              Tloc           31%        N/A       98%         8
 Storm Form               Tmut/Air       10%        N/A       100%        7


Dungeon Overview and Level Annotations

Branches:
Dungeon (15/15)            Temple (1/1) D:7            Lair (5/6) D:10
 Shoals (0/4) Lair:3        Snake (0/4) Lair:4          Orc (0/2) D:10
 Vaults (0/5) D:14          Sewer (visited)         Ossuary (visited)
Gauntlet (visited)
  Slime: Lair:5-6    Depths: D:15

Altars:
Ashenzari
Cheibriados
Dithmenos
Elyvilon
Fedhas
Kikubaaqudgha
Nemelex Xobeh
Okawaru
Qazlal
Ru
Sif Muna
Trog
Uskayaw
Vehumet
Wu Jian
Xom
Yredelemnul
Zin
The Shining One

Shops:
D:13 *

Portals:
Trove: D:12 (give 5 scrolls of blinking)

Annotations:
D:7 3 runed translucent doors, jasper's ghost, novice DsCA
D:12 invis, 1 runed translucent door, Rennog's ghost, journeyman DgFE
D:14 1 runed translucent door, bjtr's ghost, journeyman HuCj


Message History

You conjure a prism of explosive energy!
A fulminant prism comes into view.
The centaur warrior shoots an arrow.
The arrow hits you!!
Casting: Fulminant Prism (safe; 1% risk of failure)
Confirm with . or Enter, or press ? or * to list all spells.
You erupt in a blast of force!
The mystic blast hits the centaur warrior.
The centaur warrior is severely wounded.
The centaur warrior is knocked back by the mystic blast.
The centaur warrior collides with your fulminant prism!
The centaur warrior shoots an arrow.
The arrow hits you!
Your fulminant prism crackles loudly.
Casting: Iskenderun's Mystic Blast (safe; 1% risk of failure)
Confirm with . or Enter, or press ? or * to list all spells.
You erupt in a blast of force!
The mystic blast hits the centaur warrior!
The centaur warrior is almost dead.
The centaur warrior is knocked back by the mystic blast.
The centaur warrior collides with your fulminant prism!
You kill the centaur warrior!
Vehumet accepts your kill.
You feel your power returning.
Your fulminant prism explodes!
You hear a shout! x2
Unknown command.
You start resting.
An orc sorcerer comes into view. It is wielding a +0 dagger.
Casting: Iskenderun's Mystic Blast (safe; 1% risk of failure)
Confirm with . or Enter, or press ? or * to list all spells.
Aiming: Fireball (mildly dangerous; 1% risk of failure)
Press: ? - help, Shift-Dir - straight line, f - orc sorcerer
Aim: an orc sorcerer, wielding a +0 dagger and wearing a +0 robe You feel a surge of power!
The fireball explodes!
The fireball engulfs the orc sorcerer!!
The orc sorcerer is severely wounded.
You hear a shout!
The orc sorcerer casts a spell at you. The bolt of negative energy hits you!!!
You feel drained.
Ouch! That really hurt!
You die...

### ### #.###.# ##
##...#<# ##.###
####..##..#
#..).######...#####....
#..#.........## #....
#..###.@......# #....
#.. ##......## #....
#*. ##.....# #.... #.#
#....## #..## .. #....#
..## .c .o...# #....(#
.....


You could see an orc sorcerer.

Vanquished Creatures
  Kirke (D:12)
  Roxanne (D:14)
  A minotaur (Gauntlet)
  Snorg (D:13)
  A rakshasa (D:14)
  2 boulder beetles
  Harold (D:7)
  4 vault guards (D:14)
  2 hydras
  A death knight (D:14)
  3 centaur warriors
  7 two-headed ogres
  3 catoblepae (D:14)
  A tengu warrior (D:13)
  5 death yaks (Lair:5)
  Urug (D:13)
  Sonja (D:13)
  8 skeletal warriors
  A wizard (D:14)
  A deep elf pyromancer (D:14)
  9 ugly things (D:14)
  7 cyclopes
  3 black mambas
  3 manticores
  6 elephants
  13 cane toads
  A torpor snail (Lair:2)
  Joseph (D:9)
  Maggie (D:6)
  3 unseen horrors
  3 freezing wraiths (D:14)
  An efreet (D:14)
  5 komodo dragons
  A tengu conjurer (D:13)
  7 trolls
  2 polar bears
  A queen bee (Lair:3)
  Prince Ribbit (D:4)
  22 blink frogs
  Grinder (D:5)
  8 dream sheep
  5 slime creatures (D:14)
  A vampire (D:10)
  Sigmund (D:3)
  3 shadows
  5 wyverns
  3 hogs (D:13)
  26 yaks
  A water elemental (D:11)
  Grum (D:8)
  Menkaure (D:5)
  5 steam dragons
  9 basilisks
  7 vampire mosquitoes
  A naga (Lair:4)
  3 swamp worms (Gauntlet)
  15 water moccasins
  3 black bears
  An orc warrior (D:8)
  An ice beast (D:7)
  A sky beast (D:5)
  2 hornet zombies
  6 necrophages
  2 ogres
  22 wolves
  14 centaurs
  A phantom (D:10)
  A kobold brigand (D:7)
  A gnoll sergeant (D:7)
  17 bullfrogs
  2 scorpions (D:6)
  2 wyvern zombies
  3 water moccasin zombies
  A water moccasin skeleton (D:5)
  24 killer bees (Lair:3)
  2 troll zombies (D:10)
  A vampire bat (D:4)
  5 wights
  3 electric eels (D:11)
  3 howler monkeys
  5 bullfrog zombies (Ossuary)
  7 centaur zombies
  A hound (D:4)
  A human zombie (D:5)
  2 orc priests (D:8)
  Crazy Yiuf (D:5)
  4 jellies
  A centaur skeleton (D:4)
  2 gnoll shamans
  4 iguanas
  5 hell rats (Lair:3)
  A scorpion zombie (D:5)
  Natasha (thrice) (D:3)
  5 orc wizards
  4 ogre zombies (D:10)
  22 mummies
  17 gnolls
  15 adders
  6 river rats
  2 shadow imps
  An adder skeleton (D:4)
  5 worms (D:3)
  3 dart slugs
  3 fire bats (D:5)
  18 orcs
  2 spectral bats (D:5)
  3 bat skeletons (D:5)
  A bat zombie (D:5)
  4 endoplasms
  8 giant cockroaches
  9 hobgoblins
  7 jackals
  3 quokkas
  15 ball pythons
  17 bats
  A bat simulacrum (D:5)
  2 frilled lizards
  8 goblins
  2 goblin zombies (D:10)
  3 hobgoblin zombies (D:10)
  24 kobolds
  2 orc skeletons (D:10)
  12 orc zombies (D:10)
  26 rats
  A fulminant prism (D:9)
638 creatures vanquished.

Vanquished Creatures (others)
  An ugly thing (D:14)
  298 fulminant prisms
  68 fungi
  79 plants
  10 withered plants (Ossuary)
456 creatures vanquished.

Grand Total: 1094 creatures vanquished

Notes
Turn   | Place    | Note
-------+----------+-------------------------------------------
     0 | D:1      | porpoise the Deep Elf Conjurer began the quest for the Orb.
     0 | D:1      | Reached XP level 1. HP: 10/10 MP: 6/6
   389 | D:1      | Reached XP level 2. HP: 11/15 MP: 1/8
   765 | D:1      | Learned a level 2 spell: Searing Ray
  1101 | D:2      | Reached skill level 4 in Spellcasting
  1103 | D:2      | Reached skill level 5 in Conjurations
  1103 | D:2      | Reached XP level 3. HP: 19/19 MP: 2/10
  1415 | D:2      | Found a faded altar of an unknown god.
  2166 | D:3      | Reached XP level 4. HP: 24/24 MP: 9/12
  2171 | D:3      | Learned a level 4 spell: Fulminant Prism
  2176 | D:3      | Learned a level 4 spell: Iskenderun's Mystic Blast
  2311 | D:3      | Reached skill level 1 in Hexes
  2315 | D:3      | Reached skill level 5 in Spellcasting
  2437 | D:3      | Found a glowing drain.
  2474 | Sewer    | Entered a sewer
  2639 | Sewer    | Reached XP level 5. HP: 28/28 MP: 8/14
  3642 | Sewer    | Reached skill level 6 in Spellcasting
  4080 | D:3      | Noticed Natasha
  4084 | D:3      | Killed Natasha
  4295 | D:3      | Noticed Sigmund
  4310 | D:3      | Killed Sigmund
  4311 | D:3      | Reached skill level 7 in Spellcasting
  4311 | D:3      | Reached XP level 6. HP: 4/32 MP: 5/18
  4793 | D:3      | Reached skill level 5 in Hexes
  4925 | D:3      | Noticed Natasha
  4969 | D:3      | Killed Natasha
  5298 | D:3      | Noticed Natasha
  5303 | D:3      | Killed Natasha
  5476 | D:4      | Reached skill level 1 in Translocations
  5476 | D:4      | Reached XP level 7. HP: 36/36 MP: 15/19
  6227 | D:4      | Found a glowing golden altar of the Shining One.
  6230 | D:4      | Found a blossoming altar of Fedhas.
  6345 | D:4      | Identified the +6 dagger of Evisceration {drain, Drain
                  | +Blink Will+++ Str-3}
  6810 | D:5      | Entered Level 5 of the Dungeon
  6812 | D:5      | Noticed Prince Ribbit
  6827 | D:4      | Killed Prince Ribbit
  7031 | D:4      | Reached skill level 5 in Translocations
  7031 | D:4      | Reached XP level 8. HP: 38/41 MP: 16/20
  7132 | D:5      | Noticed Menkaure
  7135 | D:5      | Killed Menkaure
  7168 | D:5      | Reached skill level 8 in Spellcasting
  7370 | D:5      | Noticed Grinder
  7377 | D:5      | Killed Grinder
  7378 | D:5      | Reached skill level 9 in Spellcasting
  7464 | D:5      | Reached skill level 1 in Fighting
  7628 | D:5      | Found an ornate altar of the Wu Jian Council.
  7903 | D:5      | Identified the +1 ring mail of Gravitas {rC- Regen+ Str+8}
  7908 | D:5      | Found a basalt altar of Yredelemnul.
  7918 | D:5      | Reached XP level 9. HP: 48/48 MP: 10/24
  7922 | D:5      | Reached skill level 10 in Spellcasting
  8201 | D:5      | Found a runed translucent door.
  8202 | D:5      | Noticed Crazy Yiuf
  8209 | D:5      | Killed Crazy Yiuf
  9062 | D:5      | Reached skill level 11 in Spellcasting
  9850 | D:6      | Noticed Maggie
  9866 | D:6      | Killed Maggie
 10344 | D:6      | Reached skill level 5 in Fighting
 10344 | D:6      | Reached skill level 12 in Spellcasting
 11001 | D:6      | Found a stormy altar of Qazlal.
 11151 | D:6      | Found a white marble altar of Elyvilon.
 11415 | D:7      | Found a staircase to the Ecumenical Temple.
 11442 | Temple   | Entered the Ecumenical Temple
 11574 | Temple   | Became a worshipper of Vehumet
 11643 | D:7      | Noticed Harold
 11658 | D:7      | Killed Harold
 11659 | D:7      | Reached XP level 10. HP: 59/59 MP: 19/28
 11709 | D:7      | Found a hide-covered altar of Uskayaw.
 11806 | D:7      | Found a snail-covered altar of Cheibriados.
 11809 | D:7      | Found an ancient bone altar of Kikubaaqudgha.
 11811 | D:7      | Found a bloodstained altar of Trog.
 12023 | D:7      | Found a runed translucent gate.
 12023 | D:7      | Found a runed translucent gate.
 12023 | D:7      | Found a runed translucent gate.
 12025 | D:7      | Noticed jasper's ghost (novice DsCA)
 12042 | D:7      | Found a sand-covered staircase.
 12050 | Ossuary  | Entered an ossuary
 12291 | Ossuary  | Reached * piety under Vehumet
 12291 | Ossuary  | Offered knowledge of Sandblast by Vehumet.
 13198 | D:7      | Found a shimmering blue altar of Sif Muna.
 13723 | D:8      | Noticed Grum
 13798 | D:8      | Killed Grum
 14011 | D:8      | Noticed a two-headed ogre
 14011 | D:8      | Reached ** piety under Vehumet
 14019 | D:8      | Killed a two-headed ogre
 14019 | D:8      | Offered knowledge of Shock by Vehumet.
 14219 | D:8      | Noticed a cyclops
 14233 | D:8      | Noticed a manticore
 14508 | D:8      | Killed a cyclops
 14509 | D:8      | Reached skill level 1 in Evocations
 14509 | D:8      | Reached XP level 11. HP: 63/63 MP: 25/29
 14594 | D:8      | Got the Incunabulum of Glacial Flight
 14738 | D:8      | Identified the +8 dagger of Havoc {antimagic, rPois}
 15030 | D:9      | Noticed Joseph
 15050 | D:9      | Killed Joseph
 16306 | D:10     | Entered Level 10 of the Dungeon
 16306 | D:10     | Noticed a two-headed ogre
 16460 | D:10     | Found a staircase to the Lair.
 16638 | D:10     | Killed a two-headed ogre
 16652 | D:10     | Reached skill level 5 in Evocations
 16718 | D:10     | Noticed a two-headed ogre
 16723 | D:10     | Killed a two-headed ogre
 16929 | D:10     | Offered knowledge of Inner Flame by Vehumet.
 17623 | D:10     | Reached *** piety under Vehumet
 17648 | D:10     | Found a staircase to the Orcish Mines.
 18130 | D:11     | Found a gate leading to a gauntlet.
 18146 | Gauntlet | Entered a Gauntlet
 18146 | Gauntlet | Found a transporter.
 18155 | Gauntlet | Found a transporter.
 18158 | Gauntlet | Found a transporter.
 18159 | Gauntlet | Found a transporter.
 18168 | Gauntlet | Found a transporter.
 18170 | Gauntlet | Found a transporter.
 18171 | Gauntlet | Found a transporter.
 18175 | Gauntlet | Found a runed translucent door.
 18176 | Gauntlet | Noticed a wolf spider
 18177 | Gauntlet | Found a runed translucent door.
 18178 | Gauntlet | Noticed an entropy weaver
 18179 | Gauntlet | Found a transporter.
 18182 | Gauntlet | Found a transporter.
 18183 | Gauntlet | Found a transporter.
 18189 | Gauntlet | Noticed a hell hog
 18191 | Gauntlet | Found a transporter.
 18194 | Gauntlet | Found a transporter.
 18195 | Gauntlet | Found a transporter.
 18199 | Gauntlet | Noticed a hell hog
 18212 | Gauntlet | Found a transporter.
 18289 | Gauntlet | Reached skill level 5 in Stealth
 18521 | Gauntlet | Identified the +4 scale mail of Vowu {Str+3 Int-5 SInv}
 18521 | Gauntlet | Noticed a minotaur
 18543 | Gauntlet | Killed a minotaur
 18544 | Gauntlet | Reached skill level 13 in Spellcasting
 18853 | D:11     | Noticed a two-headed ogre
 18861 | D:11     | Killed a two-headed ogre
 19428 | D:11     | Offered knowledge of Stone Arrow by Vehumet.
 19470 | D:11     | Learned a level 3 spell: Stone Arrow
 19953 | D:12     | Found a portal to a secret trove of treasure.
 19958 | D:12     | Noticed a two-headed ogre
 20204 | Lair:1   | Entered Level 1 of the Lair of Beasts
 20208 | Lair:1   | Reached XP level 12. HP: 68/68 MP: 31/31
 20560 | Lair:1   | Reached skill level 14 in Spellcasting
 20739 | Lair:1   | Reached skill level 1 in Earth Magic
 21843 | Lair:2   | Learned a level 2 spell: Blink
 21889 | Lair:2   | Reached **** piety under Vehumet
 22159 | Lair:2   | Noticed a four-headed hydra
 22174 | Lair:2   | Killed a four-headed hydra
 22400 | Lair:2   | Offered knowledge of Olgreb's Toxic Radiance by Vehumet.
 23152 | Lair:2   | Reached skill level 10 in Hexes
 24143 | Lair:3   | Reached XP level 13. HP: 67/76 MP: 33/33
 24618 | Lair:3   | Found a staircase to the Shoals.
 25307 | Lair:3   | Reached ***** piety under Vehumet
 25455 | Lair:3   | Reached skill level 5 in Shields
 25626 | Lair:3   | Offered knowledge of Eringya's Noxious Bog by Vehumet.
 26438 | Lair:3   | Learned a level 5 spell: Fireball
 26446 | Lair:3   | Learned a level 7 spell: Orb of Destruction
 26564 | Lair:3   | Reached skill level 1 in Fire Magic
 28795 | Lair:4   | Found a staircase to the Snake Pit.
 29230 | Lair:5   | Reached skill level 5 in Fire Magic
 29821 | Lair:5   | Offered knowledge of Hailstorm by Vehumet.
 30950 | D:12     | Reached XP level 14. HP: 77/82 MP: 25/34
 32693 | D:12     | Found a runed translucent door.
 32697 | D:12     | Noticed Rennog's ghost (journeyman DgFE)
 32861 | D:12     | Upgraded the game from 0.28-a0-819-g6ef7baa362 to
                  | 0.28-a0-823-gb444dcf96d
 32951 | D:13     | Noticed Snorg
 32961 | D:13     | Noticed Sonja
 33302 | D:13     | Killed Sonja
 33302 | D:13     | Noticed Kirke
 33446 | D:12     | Killed Kirke
 33547 | D:13     | Noticed Urug
 33549 | D:13     | Killed Snorg
 33742 | D:13     | Killed Urug
 34139 | D:13     | Found a shadowy altar of Dithmenos.
 34445 | D:13     | Found Plog's Assorted Antiques.
 34451 | D:13     | Bought a coppery potion for 32 gold pieces
 34451 | D:13     | Bought a scroll of fog for 72 gold pieces
 34451 | D:13     | Bought a scroll of fog for 72 gold pieces
 34451 | D:13     | Bought a runed buckler for 270 gold pieces
 34526 | D:14     | Reached skill level 10 in Fire Magic
 34736 | D:14     | Identified the +2 pair of boots of the Hot Ocelot {Harm
                  | rPois Int-3 SInv}
 34769 | D:14     | Reached skill level 15 in Spellcasting
 35088 | D:14     | Identified Roxanne's Handbook of the Mountains
 35088 | D:14     | Noticed Roxanne
 35919 | D:14     | Found a runed translucent door.
 35920 | D:14     | Found a shimmering altar of Xom.
 35920 | D:14     | Noticed bjtr's ghost (journeyman HuCj)
 36087 | D:14     | Reached skill level 16 in Spellcasting
 36822 | D:14     | Killed Roxanne
 36823 | D:14     | Reached XP level 15. HP: 88/88 MP: 24/37
 36906 | D:14     | Learned a level 5 spell: Lee's Rapid Deconstruction
 37048 | D:14     | Found a gate to the Vaults.
 37647 | D:15     | Entered Level 15 of the Dungeon
 37694 | D:15     | Killed from afar by an orc sorcerer

Illustrated notes

Levels and vault maps discovered:
D:1:      lemuel_arrival_behind_the_door_large, layout_basic,
          minmay_strange_pillars
D:2:      layout_basic, shapermc_ecumenical_altar_starsandcircs
D:3:      layout_loops_corners, lightli_sewer_entry_pipes, chequers_jeans,
          uniq_natasha, uniq_sigmund
D:4:      layout_loops_corners, mainiacjoe_overflow_tiny_flanked,
          kennysheep_mini
D:5:      layout_rooms, lemuel_mausoleum_altar_yredelemnul,
          pdpol_wu_jian_five_deadly_venoms, hangedman_decor_diamond_cutter,
          chequers_hall_statues_y, goddamned_bats, uniq_crazy_yiuf_cottage,
          uniq_grinder, uniq_menkaure, uniq_prince_ribbit1
D:6:      layout_basic, mainiacjoe_overflow_brackets,
          mainiacjoe_overflow_boulevard, st_stairs_11,
          hangedman_abyss_or_decor_stabs, uniq_maggie
D:7:      layout_gridville, mainiacjoe_overflow_alcove_1,
          grunt_temple_overflow_diamond, nicolae_uskayaw_dance_hall,
          minmay_temple_entry_sparse_star, gup_ossuary_entry_pyramid,
          gammafunk_ghost_nasty_kobolds, uniq_harold
D:8:      layout_cave_pools, serial_glass, glass_columns_a, glass_columns_b,
          minmay_diamond_spiral, uniq_grum
D:9:      kennysheep_steamy, layout_grid_maze, grunt_ministairs_7, uniq_joseph
D:10:     layout_basic, lair_entry_dummy, zombieorc1_lemuel
D:11:     wad_lake_hut, layout_cave_pools, gauntlet_entry_generic, serial_glass,
          glass_columns_b, glass_columns_b, minmay_strange_pillars,
          unseen_surprise_small, minmay_strange_pillars
D:12:     layout_cross, ebering_ghost_reflecting_pool, enter_trove_0,
          minmay_misc_feat_plants
D:13:     layout_cave_pools, serial_shops, kennysheep_little_box,
          nicolae_dithmenos_shadow_blocks, uniq_sonja, uniq_snorg, uniq_urug,
          uniq_kirke
D:14:     layout_irregular_city, lightli_vaults_fourway_checkpoint,
          minmay_misc_feat_room, ebering_ghost_xom, uniq_roxanne
D:15:     grunt_enter_depths_magical_seal, layout_layer_cave,
          nrook_mini_backslash, due_unseen_surprise
Temple:   minmay_temple_curvy_loop
Lair:1:   layout_cellular_growth, grunt_megastairs_4,
          infiniplex_staircase_pool_2, lemuel_fruit_tree
Lair:2:   layout_cave_pods, infiniplex_staircase_pool
Lair:3:   regret_index_wax_grids, layout_hall_layers,
          minmay_shoals_entry_centaurs, grunt_megastairs_5
Lair:4:   layout_regular_city, guppyfry_snake_entry_garden,
          cheibrodos_lair_caveside_slide, grunt_megastairs_2
Lair:5:   layout_cave_pods

Skill      XL: |  1  2  3  4  5  6  7  8  9 10 11 12 13 14 15 |
---------------+----------------------------------------------+-----
Spellcasting   | 4 5 7 9 12 13 14 16 | 16.0
Conjurations   | 5 7 9 |  9.0
Hexes          | 2 4 6 7 8 9 10 12 | 12.0
Translocations | 1 5 7 9 |  9.0
Fighting       | 2 5 7 8 |  8.3
Dodging        | 3 7 9 |  9.0
Shields        | 2 4 7 |  7.0
Evocations     | 1 5 6 7 9 |  9.0
Stealth        | 7 |  7.0
Earth Magic    | 3 |  3.0
Fire Magic     | 7 11 12 | 12.0

Action                   |  1- 3 |  4- 6 |  7- 9 | 10-12 | 13-15 || total
-------------------------+-------+-------+-------+-------+-------++-------
Melee: Unarmed           |     4 |       |       |       |       ||     4
       Hunting sling     |       |       |       |     1 |       ||     1
       Staff             |       |       |       |       |     2 ||     2
 Fire: Hunting sling     |     2 |    13 |    96 |   181 |   104 ||   396
Throw: Dart              |       |       |       |       |     2 ||     2
 Cast: Magic Dart        |    56 |    66 |    44 |     2 |       ||   168
       Searing Ray       |     7 |    38 |    79 |    83 |    38 ||   245
       Fulminant Prism   |       |       |    31 |    91 |   177 ||   299
       Iskenderun's Myst |       |       |    13 |    92 |   121 ||   226
       Stone Arrow       |       |       |       |    42 |   104 ||   146
       Fireball          |       |       |       |       |    34 ||    34
       Blink             |       |       |       |       |     1 ||     1
       Orb of Destructio |       |       |       |       |     1 ||     1
       Lee's Rapid Decon |       |       |       |       |     7 ||     7
Evoke: Wand              |       |       |     5 |     8 |     5 ||    18
  Use: Scroll            |     4 |     1 |     9 |    13 |     9 ||    36
       Potion            |       |       |       |       |     2 ||     2
Armor: Robe              |     1 |     6 |    54 |    25 |    21 ||   107
       Steam dragon scal |       |       |       |    34 |    11 ||    45
Dodge: Dodged            |    20 |    13 |    77 |   106 |    79 ||   295
Block: Buckler           |       |       |       |    32 |    37 ||    69
       Reflection        |       |       |       |       |     1 ||     1

Table legend: (Time is in decaauts)
 A = Elapsed time spent in this place.
 B = Non-inter-level travel time spent in this place.
 C = Inter-level travel time spent in this place.
 D = Time resting spent in this place.
 E = Time spent auto-exploring this place.
 F = Levels seen in this place.
 G = Mean time per level.
                   A        B        C        D        E       F      G
               +--------+--------+--------+--------+--------+-----+--------+
         Total |  37977 |  36455 |   1522 |  18513 |  11975 |  24 | 1582.4 |
       Dungeon |  24059 |  23090 |    969 |  11542 |   7856 |  15 | 1603.9 |
        Temple |    224 |    161 |     63 |     27 |    116 |   1 |  224.0 |
          Lair |  10767 |  10277 |    490 |   5035 |   3875 |   5 | 2153.4 |
         Sewer |   1268 |   1268 |      0 |    823 |      0 |   1 | 1268.0 |
       Ossuary |   1022 |   1022 |      0 |    674 |     18 |   1 | 1022.0 |
      Gauntlet |    635 |    635 |      0 |    411 |    109 |   1 |  635.0 |
               +--------+--------+--------+--------+--------+-----+--------+

Top non-repeatable levels by time:
  Lair:3: 3189 daAuts
    D:10: 2877 daAuts
    D:14: 2743 daAuts
  Lair:1: 2438 daAuts
  Lair:2: 2405 daAuts
     D:4: 2209 daAuts
     D:5: 2171 daAuts
     D:3: 2085 daAuts
    D:11: 1729 daAuts
     D:6: 1561 daAuts
    D:12: 1549 daAuts
  Lair:5: 1514 daAuts
     D:8: 1459 daAuts
   Sewer: 1268 daAuts
     D:7: 1219 daAuts
